 Dungeon Crawl Stone Soup version 0.30-a0-1122-g620db56ad9 (webtiles) character file.

Game seed: 2027162389988914595

1438 Kenran the Basher (level 8, -2/53 (60) HPs)
             Began as a Demonspawn Artificer on Apr 22, 2023.
             Was a Follower of Nemelex Xobeh.
             Slain by Maggie
             ... wielding a +2 long sword of draining
              (3 damage)
             ... on level 7 of the Dungeon.
             The game lasted 00:10:19 (5155 turns).

Kenran the Basher (Demonspawn Artificer)            Turns: 5155, Time: 00:10:20

HP:   -2/53 (60)    AC:  9    Str: 12    XL:     8   Next: 45%
MP:   8/8           EV: 10    Int: 13    God:    Nemelex Xobeh [*.....]
Gold: 579           SH:  4    Dex: 18    Spells: 7/7 levels left

rFire   . . .        a - +0 morningstar
rCold   . . .        v - +0 buckler
rNeg    . . .        m - +0 ring mail
rPois   .            (helmet restricted)
rElec   .            (no cloak)
rCorr   .            h - +2 pair of gloves
SInv    .            l - +0 pair of boots
Will    .....        (no amulet)
Stlth   ++           (no ring)
HPRegen 0.28/turn    (no ring)
MPRegen 0.11/turn

%: no passive effects
@: mesmerised, heavily drained
A: horns 1, thin skeletal structure 1, spiny 2, demonic magic 1
a: Renounce Religion, Draw Escape, Draw Destruction, Draw Summoning


You were on level 7 of the Dungeon.
You worshipped Nemelex Xobeh.
Nemelex Xobeh was aware of your devotion.
You visited 1 branch of the dungeon, and saw 7 of its levels.

You collected 579 gold pieces.

Inventory:

Hand Weapons
 a - a +0 morningstar (weapon)
Missiles
 p - 4 boomerangs
Armour
 h - a +2 pair of gloves (worn)
 l - a +0 pair of boots (worn)
 m - a +0 ring mail (worn)
 v - a +0 buckler (worn)
 w - an orb of mayhem
Wands
 c - a wand of flame (12) (quivered)
 d - a wand of charming (15)
Scrolls
 f - a scroll of fog
 i - 2 scrolls of fear
 n - a scroll of immolation {unknown}
 o - 4 scrolls of teleportation
 q - 2 scrolls of vulnerability {!r}
 r - a scroll of identify {unknown}
 t - a scroll of silence {unknown}
 x - a scroll of enchant armour {unknown}
Potions
 b - 2 potions of heal wounds {unknown}
 e - a potion of might {unknown}
 g - 3 potions of curing {@q1}
 j - 2 potions of flight {unknown}
 k - a potion of lignification {unknown}
 s - a potion of ambrosia {unknown}
 u - a potion of brilliance {unknown}


   Skills:
 - Level 4.0 Fighting
 + Level 8.8 Maces & Flails
 - Level 2.0 Armour
 - Level 0.8 Dodging
 - Level 0.8 Stealth
 - Level 3.0 Evocations


You had 7 spell levels left.
You didn't know any spells.
Your spell library contained the following spells:

 Spells                   Type           Power      Damage    Failure   Level
 Beastly Appendage        Tmut           0%         N/A       67%         1
 Shock                    Conj/Air       0%         1d3       67%         1
 Blink                    Tloc           0%         N/A       82%         2
 Ensorcelled Hibernation  Hex/Ice        0%         N/A       82%         2
 Lesser Beckoning         Tloc           0%         N/A       82%         2
 Momentum Strike          Conj/Tloc      0%         3d8       82%         2
 Static Discharge         Conj/Air       0%         2-2/arc   82%         2
 Wereblood                Tmut           0%         N/A       82%         2
 Spider Form              Tmut/Pois      0%         N/A       96%         3
 Swiftness                Air            0%         N/A       96%         3
 Tukima's Dance           Hex            0%         N/A       96%         3
 Airstrike                Air            0%         2d(0-16)  100%        4
 Anguish                  Hex/Necr       0%         N/A       100%        4
 Passage of Golubria      Tloc           0%         N/A       100%        4
 Summon Lightning Spire   Summ/Air       0%         N/A       100%        4
 Yara's Violent Unravell  Hex/Tmut       0%         3d3       100%        5


Dungeon Overview and Level Annotations

Branches:
Dungeon (7/15)             Temple (0/1) D:5

Altars:
Ashenzari
Cheibriados
Dithmenos
Fedhas
Nemelex Xobeh
Okawaru
Qazlal
Ru
Sif Muna
Trog

Annotations:
D:5 exclusion: downstairs
D:7 Maggie


Innate Abilities, Weirdness & Mutations

You have a pair of small horns on your head.
You have a somewhat thin skeletal structure. (Dex +2, Stealth+)
You are mostly covered in sharp spines.
Spells you cast may paralyse adjacent enemies.


Message History

Maggie draws you further into her thrall.
You barely miss Maggie.
Maggie is severely wounded.
The kobold misses you.
The kobold brigand completely misses you.
Maggie points at you and mumbles some strange words.
The bolt of fire hits you!
* * * LOW HITPOINT WARNING * * *
You draw a card...
You have drawn the Storm.
A fierce wind blows from the card.
The kobold is knocked back by the gust of wind.
Maggie is knocked back by the gust of wind.
The kobold brigand is knocked back by the gust of wind.
The kobold brigand slams into the rock wall!
The kobold brigand is severely wounded.
The kobold is knocked back by the gust of wind.
The kobold slams into the rock wall!
You kill the kobold!
The electrical discharge engulfs the kobold!!
You kill the kobold!
You hear mighty peals of thunder!
You hear a shout! x2
You block the kobold brigand's attack.
You draw a card...
You have drawn the Orb.
Press: ? - help, Shift-Dir - straight line, f - Maggie
Aim: Maggie, wielding a +2 long sword of draining and wearing +0 steam dragon scales (severely wounded, mesmerising)
Your orb of destruction hits a rock wall.
The wavering orb of destruction weakly hits Maggie!
Maggie is almost dead.
Your orb of destruction hits a rock wall. x2
The kobold brigand is struck by your spines.
The kobold brigand closely misses you.
Maggie casts a spell.
Maggie draws you further into her thrall.
It was a potion of curing.
You feel better.
Maggie hits you with a +2 long sword of draining!
* * * LOW HITPOINT WARNING * * *
You feel drained.
You die...
Your body disappears without a glow.

... ### ..# #..
.)# #.# #.# #.#
#.# #.#
#.####.####.# #
#.# #....K@)....#
# ##.## ######@#
#####...# #.....○#
........###.######
###..>....#.#
#.........#
###.......###
........###
#####...# #####


You could see Maggie (mesmerising) and a kobold brigand.

Vanquished Creatures
  A sky beast (D:5)
  An orc warrior (D:6)
  2 ogres
  A black bear (D:5)
  A phantom (D:6)
  Blork the orc (D:6)
  5 scorpions
  A howler monkey (D:4)
  3 hounds
  A jelly (D:5)
  2 orc priests
  A sleepcap (D:4)
  5 iguanas
  An orc wizard (D:6)
  6 adders
  A white imp (D:5)
  3 dart slugs
  3 worms
  7 orcs
  7 ball pythons
  8 endoplasms
  7 giant cockroaches
  11 hobgoblins
  A jackal (D:1)
  9 kobolds
  A quokka (D:4)
  5 bats
  7 frilled lizards
  10 goblins
  2 rats
114 creatures vanquished.

Vanquished Creatures (others)
  A kobold (D:7)
1 creature vanquished.

Grand Total: 115 creatures vanquished

Notes
Turn   | Place    | Note
-------+----------+-------------------------------------------
     0 | D:1      | Kenran the Demonspawn Artificer began the quest for the
                  | Orb.
     0 | D:1      | Reached XP level 1. HP: 15/15 MP: 1/1
   194 | D:1      | Gained mutation: You have a somewhat thin skeletal
                  | structure. (Dex +2, Stealth+) [demonic ancestry]
   194 | D:1      | Reached XP level 2. HP: 18/22 MP: 2/2
   832 | D:2      | Reached XP level 3. HP: 29/29 MP: 3/3
  1541 | D:2      | Found an iron altar of Okawaru.
  2024 | D:3      | Reached skill level 1 in Maces & Flails
  2085 | D:3      | Gained mutation: You are partially covered in sharp spines.
                  | [demonic ancestry]
  2085 | D:3      | Reached XP level 4. HP: 18/35 MP: 4/4
  2495 | D:3      | Reached skill level 2 in Maces & Flails
  2710 | D:4      | Found a shimmering blue altar of Sif Muna.
  2837 | D:4      | Found a snail-covered altar of Cheibriados.
  2895 | D:4      | Reached XP level 5. HP: 27/41 MP: 5/5
  2973 | D:4      | Reached skill level 3 in Maces & Flails
  3069 | D:4      | Reached skill level 4 in Maces & Flails
  3091 | D:4      | Gained mutation: Spells you cast may paralyse adjacent
                  | enemies. [demonic ancestry]
  3091 | D:4      | Reached XP level 6. HP: 30/47 MP: 6/6
  3115 | D:4      | Found a sacrificial altar of Ru.
  3247 | D:4      | Found a sparkling altar of Nemelex Xobeh.
  3282 | D:4      | Became a worshipper of Nemelex Xobeh the Trickster
  3487 | D:4      | Found the +1 Delatra's gloves {ID++}
  3720 | D:5      | Entered Level 5 of the Dungeon
  3773 | D:5      | Found a blossoming altar of Fedhas.
  3778 | D:5      | Reached skill level 5 in Maces & Flails
  3779 | D:5      | Found a bloodstained altar of Trog.
  3803 | D:5      | Identified the staff of conjuration "Calaossicw" {rN+
                  | Int+4}
  3866 | D:5      | Found a shadowy altar of Dithmenos.
  3884 | D:5      | Gained mutation: You are mostly covered in sharp spines.
                  | [demonic ancestry]
  3884 | D:5      | Reached XP level 7. HP: 41/52 MP: 7/7
  3931 | D:5      | Reached skill level 6 in Maces & Flails
  4108 | D:5      | Reached skill level 7 in Maces & Flails
  4374 | D:5      | Found a staircase to the Ecumenical Temple.
  4565 | D:6      | Reached * piety under Nemelex Xobeh
  4643 | D:6      | Gained mutation: You have a pair of small horns on your
                  | head. [demonic ancestry]
  4643 | D:6      | Reached XP level 8. HP: 56/58 MP: 8/8
  4672 | D:6      | Reached skill level 8 in Maces & Flails
  4675 | D:6      | Noticed Blork the orc
  4733 | D:6      | Killed Blork the orc
  4773 | D:6      | Found a stormy altar of Qazlal.
  4969 | D:6      | Found a broken altar of Ashenzari.
  5067 | D:6      | Received a gift from Nemelex Xobeh
  5143 | D:7      | Noticed Maggie
  5155 | D:7      | HP: 1/55 [Maggie/+2 long sword of draining (12)]
  5155 | D:7      | Slain by Maggie

Illustrated notes

Levels and vault maps discovered:
D:1:      dpeg_arrival_lava_altar, layout_basic, st_stairs_6, minmay_domino_2
D:2:      layout_basic, basic_altar, kennysheep_another_room, minmay_cut_off
D:3:      minmay_general_purpose_star, layout_rooms
D:4:      layout_loops_ring, mainiacjoe_overflow_boulevard,
          mainiacjoe_overflow_catwalk, nemelex_spade_bored_becter,
          amcnicky_altar_gilded, kennysheep_nondescript, minmay_ruptured
D:5:      layout_cave_pools, mainiacjoe_overflow_tiny_flanked,
          jmf_multi_god_temple, minmay_temple_entry_glassed_door,
          grunt_ministairs_2, minmay_misc_feat_iff, due_unseen_surprise
D:6:      layout_rooms, nicolae_qazlal_scattered_showers,
          mainiacjoe_overflow_concentric_impassable, uniq_blork_the_orc
D:7:      layout_loops_ring, uniq_maggie

Skill      XL: |  1  2  3  4  5  6  7  8 |
---------------+-------------------------+-----
Fighting       | 2 3 4 |  4.0
Maces & Flails | 1 2 4 5 7 8 |  8.8
Armour         | 2 |  2.0
Dodging        | |  0.8
Stealth        | |  0.8
Evocations     | |  3.0

Action                     |  1- 3 |  4- 6 |  7- 9 || total
---------------------------+-------+-------+-------++-------
  Melee: Club              |   176 |       |       ||   176
         Punch             |     6 |     1 |     2 ||     9
         Mace              |    54 |    27 |       ||    81
         Morningstar       |       |    90 |    66 ||   156
         Headbutt          |       |       |     4 ||     4
 Invoke: Draw Destruction  |       |       |     2 ||     2
  Evoke: Wand              |     1 |     1 |     6 ||     8
    Use: Scroll            |       |     2 |     2 ||     4
         Potion            |       |       |     1 ||     1
   Stab: Sleeping          |     7 |     3 |       ||    10
         Distracted        |       |     1 |       ||     1
 Armour: Leather armour    |    86 |       |       ||    86
         Ring mail         |    15 |    51 |    17 ||    83
  Dodge: Dodged            |   158 |    70 |    42 ||   270
  Block: Buckler           |       |       |     2 ||     2

Table legend: (Time is in decaauts)
 A = Elapsed time spent in this place.
 B = Non-inter-level travel time spent in this place.
 C = Inter-level travel time spent in this place.
 D = Time resting spent in this place.
 E = Time spent auto-exploring this place.
 F = Levels seen in this place.
 G = Mean time per level.
                   A        B        C        D        E       F      G
               +--------+--------+--------+--------+--------+-----+--------+
         Total |   5270 |   5042 |    228 |   1000 |   2521 |   7 |  752.9 |
       Dungeon |   5270 |   5042 |    228 |   1000 |   2521 |   7 |  752.9 |
               +--------+--------+--------+--------+--------+-----+--------+

Top non-repeatable levels by time:
     D:2: 1261 daAuts
     D:4: 1101 daAuts
     D:5: 863 daAuts
     D:1: 751 daAuts
     D:3: 715 daAuts
     D:6: 512 daAuts
     D:7: 64 daAuts
